Workbook

Sheet 様式１付表_役員等氏名一覧表
A1: （様式１付表）
A3: 役員等氏名一覧表
A5: № | B5: 役職名 | C5: 氏 名 | E5: 生年月日 (大正T,昭和S,平成H) | I5: 性別 (M･F) | J5: 住 所
C6: ｶﾅ | D6: 漢字 | E6: 元号 | F6: 年 | G6: 月 | H6: 日
A7: 1
A8: 2
A9: 3
A10: 4
A11: 5
A12: 6
A13: 7
A14: 8
A15: 9
A16: 10
A17: 11
A18: 12
... A26: 20
A28: 令和 年 月 日現在
A30: 記載された全ての者は、申請者、代表者又は役員に暴力団員がいないことを確認するため、
A31: 本様式に記載された情報を神奈川県警察本部に照会することについて、同意しております。
A33: 法人（団体）名
A34: 代表者氏名
A36: （注）
A37: (1) 補助事業者が個人の場合、申請者について記載
A38: (2) 補助事業者が法人の場合、代表者及び全ての役員について記載
A39: (3) 補助事業者が法人格を持たない団体の場合、当該団体の代表者について記載

Sheet 別紙１　所要額調書
A1: （別紙１）
A2: 令和８年度 看護業務等アシスト機器導入支援事業費補助 所要額調書
E3: 施設名 | F3: =IF('別紙３ 事業計画書'!B8<>"",'別紙３ 事業計画書'!B8,"")
A5: 総事業費 | B5: 寄付金 その他の収入額 | C5: 差引事業費 （Ａ－Ｂ） | D5: 選定額 | E5: 補助基本額 （ＣとＤの少ない方の額） | F5: 補助率 | G5: 補助所要額
A6: Ａ | B6: Ｂ | C6: Ｃ | D6: Ｄ | E6: Ｅ | F6: Ｆ | G6: Ｇ
C7: =IF(A7-B7=0,"",A7-B7) | D7: ='別紙２ 所要額明細書'!I17 | E7: =IF(OR(C7="",D7=""),"",MIN(D7,C7)) | F7: 1/2 | G7: =IF(E7="","",ROUNDDOWN(E7*0.5,-3))
A8: ※ オレンジ色のセルのみ入力してください（他のセルに入力しないでください。）

Sheet Sheet
A1: 移乗介助（装着型・非装着型）
A2: 移動支援
A3: 排泄支援
A4: 見守り・コミュニケーション
A5: 入浴支援

Sheet 別紙２　所要額明細書
A1: （別紙２）
A2: 令和８年度 看護業務等アシスト機器導入支援事業費補助 所要額明細書
E3: 施設名 | G3: =IF('別紙３ 事業計画書'!B8<>"",'別紙３ 事業計画書'!B8,"")
A5: 分野 | B5: No. ※１ | C5: TAISコード ※２ | D5: 導入機器 | E5: 税抜見積単価 | F5: 数量 | G5: 対象経費の 支出予定額 | H5: 基準額 | I5: 選定額
G6: Ｈ | H6: Ｉ | I6: Ｊ
G7: =IF(OR(E7="",F7=""),"",ROUNDDOWN(E7*F7*1.1,0)) | H7: =IF(OR(A7="移乗介助（装着型・非装着型）",A7="入浴支援"),F7*2000000,IF(OR(A7="移動支援",A7="排泄支援",A7="見守り・コミュニケーション"),F7*600000,"")) | I7: =IF(OR(G7="",H7=""),"",MIN(G7,H7))
G8: =IF(OR(E8="",F8=""),"",ROUNDDOWN(E8*F8*1.1,0)) | H8: =IF(OR(A8="移乗介助（装着型・非装着型）",A8="入浴支援"),F8*2000000,IF(OR(A8="移動支援",A8="排泄支援",A8="見守り・コミュニケーション"),F8*600000,"")) | I8: =IF(OR(G8="",H8=""),"",MIN(G8,H8))
G9: =IF(OR(E9="",F9=""),"",ROUNDDOWN(E9*F9*1.1,0)) | H9: =IF(OR(A9="移乗介助（装着型・非装着型）",A9="入浴支援"),F9*2000000,IF(OR(A9="移動支援",A9="排泄支援",A9="見守り・コミュニケーション"),F9*600000,"")) | I9: =IF(OR(G9="",H9=""),"",MIN(G9,H9))
G10: =IF(OR(E10="",F10=""),"",ROUNDDOWN(E10*F10*1.1,0)) | H10: =IF(OR(A10="移乗介助（装着型・非装着型）",A10="入浴支援"),F10*2000000,IF(OR(A10="移動支援",A10="排泄支援",A10="見守り・コミュニケーション"),F10*600000,"")) | I10: =IF(OR(G10="",H10=""),"",MIN(G10,H10))
G11: =IF(OR(E11="",F11=""),"",ROUNDDOWN(E11*F11*1.1,0)) | H11: =IF(OR(A11="移乗介助（装着型・非装着型）",A11="入浴支援"),F11*2000000,IF(OR(A11="移動支援",A11="排泄支援",A11="見守り・コミュニケーション"),F11*600000,"")) | I11: =IF(OR(G11="",H11=""),"",MIN(G11,H11))
G12: =IF(OR(E12="",F12=""),"",ROUNDDOWN(E12*F12*1.1,0)) | H12: =IF(OR(A12="移乗介助（装着型・非装着型）",A12="入浴支援"),F12*2000000,IF(OR(A12="移動支援",A12="排泄支援",A12="見守り・コミュニケーション"),F12*600000,"")) | I12: =IF(OR(G12="",H12=""),"",MIN(G12,H12))
G13: =IF(OR(E13="",F13=""),"",ROUNDDOWN(E13*F13*1.1,0)) | H13: =IF(OR(A13="移乗介助（装着型・非装着型）",A13="入浴支援"),F13*2000000,IF(OR(A13="移動支援",A13="排泄支援",A13="見守り・コミュニケーション"),F13*600000,"")) | I13: =IF(OR(G13="",H13=""),"",MIN(G13,H13))
G14: =IF(OR(E14="",F14=""),"",ROUNDDOWN(E14*F14*1.1,0)) | H14: =IF(OR(A14="移乗介助（装着型・非装着型）",A14="入浴支援"),F14*2000000,IF(OR(A14="移動支援",A14="排泄支援",A14="見守り・コミュニケーション"),F14*600000,"")) | I14: =IF(OR(G14="",H14=""),"",MIN(G14,H14))
G15: =IF(OR(E15="",F15=""),"",ROUNDDOWN(E15*F15*1.1,0)) | H15: =IF(OR(A15="移乗介助（装着型・非装着型）",A15="入浴支援"),F15*2000000,IF(OR(A15="移動支援",A15="排泄支援",A15="見守り・コミュニケーション"),F15*600000,"")) | I15: =IF(OR(G15="",H15=""),"",MIN(G15,H15))
G16: =IF(OR(E16="",F16=""),"",ROUNDDOWN(E16*F16*1.1,0)) | H16: =IF(OR(A16="移乗介助（装着型・非装着型）",A16="入浴支援"),F16*2000000,IF(OR(A16="移動支援",A16="排泄支援",A16="見守り・コミュニケーション"),F16*600000,"")) | I16: =IF(OR(G16="",H16=""),"",MIN(G16,H16))
A17: 合 計 | G17: =IF(SUM(G7:G16)=0,"",SUM(G7:G16)) | H17: =IF(SUM(H7:H16)=0,"",SUM(H7:H16)) | I17: =IF(SUM(I7:I16)=0,"",SUM(I7:I16))
A18: ※１ 別添『神奈川県「看護業務等アシスト機器導入支援事業費補助」補助対象ロボット一覧』を参照の上、入力してください。
A19: ※２ 「福祉用具情報システム（TAIS）」 （（公財）テクノエイド協会が提供。）で、「介護テクノロジー」として選定された機器を参照の上、入力してください。
A20: ※３ 必要に応じて行を追加して入力してください。
A21: ※４ オレンジ色のセルのみ入力してください（他のセルに入力しないでください。）

Sheet 別紙３　事業計画書
A1: （別紙３）
A2: 看護業務等アシスト機器導入支援事業費補助 事業計画書
A5: 法人名 （個人の場合は不要）
A6: 代表者 役職・氏名
A7: 所在地 | B7: 〒 -
A8: 施設名
A9: 施設所在地 | B9: 〒 -
A11: 連絡先
A12: 担当者 所属・氏名
A13: 電話
A14: 電子メール
A16: 導入機器・目標等
A17: 導入機器
A18: 期待される効果
A19: 数値目標
A20: 事前着手届の提出有無
A21: 事前着手届日
A22: 事業着手予定日
A23: 事業完了予定日

Sheet (参考)当該事業に係る歳入歳出予算書の抄本
A2: 看護業務等アシスト機器導入支援事業費補助 収入支出予算書（見込額）の抄本
D4: （単位：円）
A5: 歳入（収入） | C5: 歳出(支出）
A6: 科目 | B6: 金額 | C6: 科目 | D6: 金額
A8: 県補助金（所要額） | B8: ='別紙１ 所要額調書'!G7 | C8: 備品購入費
A10: 自己資金 | B10: =IFERROR(D16-B8-B12,"") | C10: 賃借料
A12: 寄付金 | B12: =IF('別紙１ 所要額調書'!B7="","",'別紙１ 所要額調書'!B7) | C12: 需用費
C14: 役務費
A16: 計 | B16: =IF(SUM(B7:B15)=0,"",SUM(B7:B15)) | C16: 計 | D16: =IF(SUM(D7:D15)=0,"",SUM(D7:D15))
A19: 令和 年 月 日
A21: 原本と相違ないことを証明する。
B23: 法人名 | C23: =IF('別紙３ 事業計画書'!B5<>"",'別紙３ 事業計画書'!B5,"")
B25: 代表者名 | C25: =IF('別紙３ 事業計画書'!B6<>"",'別紙３ 事業計画書'!B6,"")
B27: 所在地 | C27: =IF('別紙３ 事業計画書'!B7<>"",'別紙３ 事業計画書'!B7,"") -> 〒 -
B29: 施設名 | C29: =IF('別紙３ 事業計画書'!B8<>"",'別紙３ 事業計画書'!B8,"")
B31: 施設所在地 | C31: =IF('別紙３ 事業計画書'!B9<>"",'別紙３ 事業計画書'!B9,"") -> 〒 -

Sheet 口座振込申出書
A1: （別紙４）
A4: 口座振込申出書
A6: 金融機関名 | D6: 銀行・信用金庫・信用組合
F7: 本店・支店
A8: 口座種類 | B8: 普通 ・ 当座 | C8: 口座番号
A9: フリガナ
A10: 口座名義人
J11: ※金融機関名や口座種類では、該当種別を選択してください。
A14: ='(参考)当該事業に係る歳入歳出予算書の抄本'!A19 -> 令和 年 月 日
A17: 神奈川県知事 殿
B19: 法人名 | C19: =IF('別紙３ 事業計画書'!B5<>"",'別紙３ 事業計画書'!B5,"")
B21: 代表者名 | C21: =IF('別紙３ 事業計画書'!B6<>"",'別紙３ 事業計画書'!B6,"")
B23: 所在地 | C23: =IF('別紙３ 事業計画書'!B7<>"",'別紙３ 事業計画書'!B7,"") -> 〒 -
B25: 施設名 | C25: =IF('別紙３ 事業計画書'!B8<>"",'別紙３ 事業計画書'!B8,"")
B27: 施設所在地 | C27: =IF('別紙３ 事業計画書'!B9<>"",'別紙３ 事業計画書'!B9,"") -> 〒 -
